 Dungeon Crawl Stone Soup version 0.31.0-32-g396128a36d (webtiles) character file.

Game seed: 6664172017103234079

2737 Peloso the Carver (level 9, -1/79 HPs)
             Began as a Minotaur Fighter on Apr 23, 2024.
             Was a Believer of Okawaru.
             Slain by a slime creature (11 damage)
             ... on level 6 of the Dungeon.
             The game lasted 00:12:04 (6330 turns).

Peloso the Carver (Minotaur Fighter)                Turns: 6330, Time: 00:12:04

Health: -1/79      AC: 14    Str: 20    XL:     9   Next: 40%
Magic:  8/8        EV:  6    Int:  5    God:    Okawaru [**....]
Gold:   230        SH:  6    Dex: 15    Spells: 8/8 levels left

rFire   . . .        a - +0 scimitar (heavy)
rCold   . . .        d - +0 buckler
rNeg    . . .        e - +1 plate armour
rPois   .            (helmet currently unavailable)
rElec   .            (cloak currently unavailable)
rCorr   .            (gloves currently unavailable)
SInv    .            (boots currently unavailable)
Will    .....        (no amulet) Stlth
                     (no ring)
HPRegen 0.33/turn    (no ring)
MPRegen 0.11/turn

%: no passive effects
@: beast-form
A: beast (slay +1), horns 2, retaliatory headbutt
a: Begin Untransformation, Renounce Religion, Heroism


You were on level 6 of the Dungeon.
You worshipped Okawaru.
Okawaru was pleased with you.
You were a hulking beast.
You visited 2 branches of the dungeon, and saw 8 of its levels.
You also visited: Sewer.

You collected 230 gold pieces.

Inventory:

Hand Weapons
 a - a +0 heavy scimitar (weapon)
 b - a +1 long sword
Armour
 c - a +0 cloak
 d - a +0 buckler (worn)
 e - a +1 plate armour (worn)
 m - a +0 pair of gloves
Jewellery
 t - a +6 ring of intelligence
Talismans
 f - a beast talisman (active)
Wands
 n - a wand of flame (12)
 s - a wand of mindburst (8)
Scrolls
 h - a scroll of torment {unknown}
 l - 2 scrolls of enchant weapon
 o - 2 scrolls of enchant armour
 p - a scroll of fog
 q - 3 scrolls of fear
 r - 5 scrolls of teleportation
 u - 2 scrolls of amnesia
Potions
 g - 2 potions of enlightenment
 i - a potion of brilliance {unknown}
 j - a potion of invisibility {unknown}
 k - a potion of curing
 v - 3 potions of heal wounds {unknown}


   Skills:
 + Level 7.0 Fighting
 + Level 10.0 Long Blades
 + Level 7.6 Armour
 + Level 0.8 Dodging
 + Level 0.3 Stealth
 + Level 6.3 Shields
 + Level 1.2 Evocations
 + Level 3.1 Shapeshifting


You had 8 spell levels left.
You didn't know any spells.
Your spell library contained the following spells:

 Spells                   Type           Power      Damage    Failure   Level
 Lesser Beckoning         Tloc           0%         N/A       100%        2
 Gell's Gravitas          Tloc           0%         N/A       100%        3
 Teleport Other           Tloc           0%         N/A       100%        3


Dungeon Overview and Level Annotations

Branches:
Dungeon (7/15)             Temple (1/1) D:5           Sewer (visited)

Altars:
Ashenzari
Cheibriados
Elyvilon
Fedhas
Gozag
Hepliaklqana
Kikubaaqudgha
Okawaru
Qazlal
Ru
Sif Muna
Trog
Uskayaw
Vehumet
Wu Jian
Xom
Yredelemnul
Zin
The Shining One


Innate Abilities, Weirdness & Mutations

You are a hulking beast.
Your limbs bulge with bestial killing power. (Slay +1)
You have a pair of horns on your head.
You reflexively headbutt those who attack you in melee.


Message History

The slime creature hits you but does no damage.
The slime creature hits you.
* * * LOW HITPOINT WARNING * * *
The slime creature hits you but does no damage.
The slime creature barely misses you.
The slime creature hits you but does no damage.
The slime creature attacks as it pursues you!
The slime creature hits you.
* * * LOW HITPOINT WARNING * * *
The slime creature attacks as it pursues you!
The slime creature barely misses you.
The slime creature attacks as it pursues you!
The slime creature completely misses you.
The slime creature attacks as it pursues you!
The slime creature hits you!
* * * LOW HITPOINT WARNING * * *
Two slime creatures merge to form a large slime creature.
The slime creature attacks as it pursues you!
The slime creature hits you but does no damage.
The slime creature attacks as it pursues you!
You block the slime creature's attack.
You feel better.
The slime creature hits you but does no damage.
The slime creature attacks as it pursues you!
The slime creature completely misses you.
You furiously retaliate!
You headbutt the slime creature!
There is a stone staircase leading up here.
You climb upwards.
There is a stone staircase leading down here.
You slice the slime creature!!
The slime creature is heavily wounded.
You block the slime creature's attack. The slime creature hits you.
* * * LOW HITPOINT WARNING * * *
You hit the slime creature.
The slime creature is heavily wounded.
The slime creature hits you but does no damage.
You slice the slime creature!!
The slime creature is almost dead.
You block the slime creature's attack. The slime creature hits you!
You die...

...####...#####'####.#
####### ##.####..###
#.##...######.....#
#.........#
#.).......)..[###.#
##.####..#.#
####.########## #.#
...####..#.# #.# #.#
.........#.# #.# #..
.........#.# #.# ###
......#....# #####.#
#.##.......###..hJ.#
...#........#.#.##########
#..#.........###.........#
######
#..#<.......#.#.########.#
#..... ...........###.##
#.# #.#### #.....#...##
#.# #.# #..).. #.....#####
#.# #.# ######
....(.########.# #.#
#..............# #.#


You could see a slime creature.

Vanquished Creatures
  Maurice (D:7)
  A slime creature (D:7)
  3 water moccasins
  A sky beast (D:6)
  An orc warrior (D:6)
  3 ogres
  A black bear (D:4)
  A bullfrog (D:7)
  2 brain worms (Sewer)
  A scorpion (D:6)
  4 wights (D:6)
  4 killer bees (D:7)
  An electric eel (D:6)
  2 bombardier beetles
  A hound (D:5)
  3 orc priests
  Jessica (D:3)
  A sleepcap (D:7)
  An iguana (D:6)
  6 orc wizards
  10 adders
  3 river rats (Sewer)
  3 shadow imps
  A white imp (D:7)
  4 ufetubi
  4 dart slugs
  A ribbon worm (D:5)
  26 orcs
  11 ball pythons
  10 endoplasms
  2 giant cockroaches
  2 hobgoblins
  6 quokkas
  5 bats
  7 frilled lizards
  9 goblins
  6 kobolds
  13 rats
162 creatures vanquished.

Notes
Turn   | Place    | Note
-------+----------+-------------------------------------------
     0 | D:1      | Peloso the Minotaur Fighter began the quest for the Orb.
     0 | D:1      | Reached XP level 1. HP: 19/19 MP: 0/0
   184 | D:1      | Reached XP level 2. HP: 27/27 MP: 1/1
   486 | D:1      | Reached skill level 3 in Long Blades
   806 | D:1      | Reached XP level 3. HP: 33/33 MP: 2/2
  1188 | D:2      | Reached XP level 4. HP: 37/40 MP: 3/3
  1743 | D:3      | Reached skill level 1 in Shapeshifting
  1780 | D:3      | Noticed Jessica
  1784 | D:3      | Killed Jessica
  1911 | D:3      | Reached XP level 5. HP: 46/46 MP: 4/4
  2036 | D:3      | Reached skill level 4 in Long Blades
  2277 | D:3      | Found a radiant altar of Vehumet.
  2727 | D:4      | Noticed a black bear
  2743 | D:4      | Killed a black bear
  2744 | D:4      | Reached skill level 5 in Armour
  2744 | D:4      | Reached XP level 6. HP: 34/52 MP: 5/5
  3296 | D:4      | Found a glowing golden altar of the Shining One.
  3328 | D:4      | Found a broken altar of Ashenzari.
  3387 | D:4      | Reached skill level 5 in Long Blades
  3546 | D:4      | Reached skill level 5 in Shields
  3685 | D:5      | Entered Level 5 of the Dungeon
  3767 | D:5      | Found a staircase to the Ecumenical Temple.
  3770 | D:5      | Noticed a water moccasin
  3773 | D:5      | Reached XP level 7. HP: 44/60 MP: 6/6
  3789 | D:5      | Reached skill level 5 in Fighting
  3789 | D:5      | Reached skill level 6 in Long Blades
  3796 | Temple   | Entered the Ecumenical Temple
  3806 | Temple   | Became a worshipper of Warmaster Okawaru
  4182 | D:5      | Found a sacrificial altar of Ru.
  4268 | D:6      | Reached skill level 7 in Long Blades
  4276 | D:6      | Reached XP level 8. HP: 50/69 MP: 7/7
  4338 | D:6      | Found a bloodstained altar of Trog.
  4363 | D:6      | Reached * piety under Okawaru
  4543 | D:6      | Found a glowing drain.
  4556 | Sewer    | Entered a sewer
  4925 | Sewer    | Reached skill level 8 in Long Blades
  5023 | D:6      | Found a snail-covered altar of Cheibriados.
  5243 | D:6      | Found an opulent altar of Gozag.
  5284 | D:6      | Identified the +0 leather armour of the Foremost Dances
                  | {+Blink Str+2}
  5592 | D:7      | Noticed a slime creature
  5715 | D:7      | Killed a slime creature
  5715 | D:7      | Reached ** piety under Okawaru
  5716 | D:7      | Reached skill level 9 in Long Blades
  5770 | D:7      | Reached XP level 9. HP: 78/78 MP: 8/8
  5811 | D:7      | Noticed Maurice
  5815 | D:7      | Maurice stole a +6 ring of intelligence
  5816 | D:7      | Killed Maurice
  6067 | D:7      | Reached skill level 1 in Evocations
  6071 | D:7      | Reached skill level 10 in Long Blades
  6330 | D:6      | Slain by a slime creature

Illustrated notes

Levels and vault maps discovered:
D:1:      psy_arrival_radial02, layout_basic
D:2:      layout_basic
D:3:      layout_loops_corners, nicolae_vehumet_altar_sigil, uniq_jessica
D:4:      layout_loops_cross, mainiacjoe_overflow_two_lobes,
          nicolae_figureground_pulse
D:5:      layout_rooms, kennysheep_mini_moat, minmay_temple_entry_waves
D:6:      layout_loops_ring, mainiacjoe_overflow_six_doors_small,
          grunt_gozag_statues, mainiacjoe_overflow_chevrons,
          cheibrodos_sewer_entry_drain, nrook_pool_corridor
D:7:      layout_basic, lemuel_coloured_pillars_altar, serial_curves,
          eino_curves_02, eino_curves_01, uniq_maurice
Temple:   nicolae_temple_x_marks_the_god

Skill      XL: |  1  2  3  4  5  6  7  8  9 |
---------------+----------------------------+-----
Long Blades    | 3 4 5 7 9 10 | 10.0
Shields        | 4 5 6 |  6.3
Fighting       | 4 5 6 7 |  7.0
Armour         | 4 5 6 7 |  7.6
Shapeshifting  | 1 2 3 |  3.1
Evocations     | 1 |  1.2
Dodging        | |  0.8
Stealth        | |  0.3

Action                     |  1- 3 |  4- 6 |  7- 9 || total
---------------------------+-------+-------+-------++-------
  Melee: Long sword        |    74 |   161 |    46 ||   281
         Headbutt          |     9 |    27 |    33 ||    69
         Scimitar          |       |       |   154 ||   154
  Evoke: Wand              |       |       |     6 ||     6
    Use: Scroll            |     1 |     3 |     9 ||    13
         Potion            |       |       |     5 ||     5
 Armour: Plate armour      |    87 |   130 |   216 ||   433
  Dodge: Dodged            |    15 |    33 |    75 ||   123
  Block: Buckler           |    15 |    42 |    70 ||   127
   Form: Beast             |     1 |       |       ||     1
